 Dungeon Crawl Stone Soup version 0.21-a0-400-g417d9d2 (webtiles) character file.

294 Monsterracer the Sneak (level 6, 32/32 HPs)
             Began as a Spriggan Assassin on Oct 20, 2017.
             Was a Believer of Okawaru.
             Quit the game on level 4 of the Dungeon.
             The game lasted 00:07:57 (3416 turns).

Monsterracer the Sneak (Spriggan Assassin)          Turns: 3416, Time: 00:07:58

Health: 32/32      AC:  5    Str:  7    XL:     6   Next: 11%
Magic:  0/7        EV: 20    Int: 13    God:    Okawaru [**....]
Gold:   126        SH:  0    Dex: 19    Spells: 5/5 levels left

rFire    . . .     SeeInvis +   a - +2 dagger (drain)
rCold    + + .     Gourm    .   (shield restricted)
rNeg     . . .     Faith    .   c - +0 robe
rPois    .         Spirit   +   (helmet restricted)
rElec    .         Reflect  .   d - +0 cloak
rCorr    .         Harm     .   (gloves unavailable)
MR       +....                  (boots unavailable)
Stlth    ++++......             n - amulet of guardian spirit
HPRegen  0.10/turn              i - ring of protection from cold
MPRegen  0.10/turn              (no ring)

@: very quick
A: unfitting armour, slimy green scales 1, see invisible, cold resistance 1,
herbivore 3, speed 3, slow metabolism 2
a: Heroism, Renounce Religion


You were on level 4 of the Dungeon.
You worshipped Okawaru.
Okawaru was pleased with you.
You were not hungry.

You visited 1 branch of the dungeon, and saw 4 of its levels.

You collected 126 gold pieces.

Inventory:

Hand Weapons
 a - a +2 dagger of draining (weapon)
 b - a +0 blowgun
 m - a +0 dagger of pain
 y - a cursed -1 dagger
Missiles
 e - 14 poisoned needles
 f - 2 curare-tipped needles
 z - 2 silver tomahawks (quivered)
Armour
 c - a +0 robe (worn)
 d - a +0 cloak (worn)
Jewellery
 i - a ring of protection from cold (left hand)
 n - an amulet of guardian spirit (around neck)
Scrolls
 j - 2 scrolls of teleportation
 o - a scroll of recharging {unknown}
 s - a scroll of magic mapping
Potions
 h - a potion of ambrosia
 l - a potion of agility
 t - a potion of might {unknown}
 u - a potion of degeneration {unknown}
Comestibles
 g - 2 bread rations
 k - 2 royal jellies
 p - a fruit


   Skills:
 + Level 2.5 Fighting
 * Level 4.5 Short Blades
 + Level 2.8 Throwing
 + Level 3.9 Dodging
 + Level 7.0 Stealth


You had 5 spell levels left.
You didn't know any spells.

Dungeon Overview and Level Annotations

Branches:
Dungeon (4/15)
 Temple: D:4-7

Altars:
Ashenzari
Cheibriados
Okawaru


Innate Abilities, Weirdness & Mutations

You are very small and have problems with some larger weapons.
You are too small for most types of armour.
You have supernaturally acute eyesight. (SInv)
You are a herbivore.
You cover ground extremely quickly.
You need consume almost no food.
You are partially covered in slimy green scales. (AC +2)
Your flesh is cold resistant. (rC+)


Message History

Your +0 cloak melds into your body.
Your +0 robe melds into your body.
Your roots penetrate the ground.
* * * LOW HITPOINT WARNING * * *
You feel sick.
You kill the adder!
Okawaru accepts your kill.
Your Stealth skill increases to level 7!
You have reached level 6!
Your experience leads to an increase in your attributes!
Your base attributes are Str 7, Int 13, Dex 18.
Increase (S)trength, (I)ntelligence, or (D)exterity?
You feel agile.
The jackal bites you but does no damage.
Really attack while wielding your +0 blowgun? [Y]es or [N]o only, please.
Really attack while wielding your +0 blowgun? [Y]es or [N]o only, please.
Really attack while wielding your +0 blowgun? [Y]es or [N]o only, please.
Really attack while wielding your +0 blowgun?
Okay, then.
You sense an unholy aura.
a - a +2 dagger of draining (weapon)
The jackal completely misses you.
You hit the jackal. You drain the jackal!
The jackal is almost dead.
The jackal barely misses you.
You hit the jackal but do no damage. You drain the jackal!
You kill the jackal!
Okawaru accepts your kill.
You cannot move.
You cannot move.
You start resting.
You feel sick. x4
You are no longer poisoned.
Huge Dmg: -2%(-1hp) hp: 5%(2hp) Unknown command.
You start resting.
Your transformation is almost over.
You cannot move.
You cannot move.
Unknown command.
You start resting.
You feel less wooden.
Your +0 cloak unmelds from your body.
Your +0 robe unmelds from your body.
Huge Dmg: -3%(-1hp) hp: 7%(2hp)
e - 13 poisoned needles (gained 2)
You see here an adder corpse.
There is a stone staircase leading down here.
e - 14 poisoned needles (gained 1)
There is a stone staircase leading down here.
You start resting.
You feel a little less agile now.
You start resting.
HP restored.
You climb downwards.
There is a stone staircase leading up here.
The orc wizard is too close now for your liking.
A jackal comes into view.
You strike the helpless orc wizard from behind!
You impale the orc wizard!!
You kill the orc wizard!
Okawaru accepts your kill. The jackal closely misses you.
You hit the jackal.
The jackal is moderately wounded.
The jackal completely misses you.
You hit the jackal.
The jackal is heavily wounded.
The jackal misses you.
You hit the jackal.
The jackal is almost dead.
The jackal bites you but does no damage.
You hit the jackal but do no damage.
The jackal is almost dead.
The jackal misses you.
A jackal is nearby!
You hit the jackal.
You kill the jackal!
Okawaru accepts your kill.
Things that are here:
a dagger; a robe No target in view!
n - a square beryl amulet You now have 126 gold pieces (gained 11).
j - 2 scrolls of teleportation (gained 1)
You see here 14 arrows.
o - a scroll labeled PEISMU HUNNUSOMP Put on which piece of jewellery? (? for menu, Esc to quit)
That's the wrong kind of item! (Use * to select it.) Put on which piece of jewellery? (? for menu, Esc to quit)
That's the wrong kind of item! (Use * to select it.) Put on which piece of jewellery? (? for menu, Esc to quit)
Okay, then.
Put on which piece of jewellery? (? for menu, Esc to quit)
That's the wrong kind of item! (Use * to select it.) Put on which piece of jewellery? (? for menu, Esc to quit)
* * * LOW MAGIC WARNING * * *
You feel your power drawn to a protective spirit.
n - an amulet of guardian spirit (around neck) Are you sure you want to abandon this character and quit the game? (Confirm with "yes".)

##....##.....
####.##..... # #.......<
#. ####..... ####.#####
#..... .........# #...<.
############..#####.....
............#.##........
#....@.#..#.##.#......
#........##............
........................
######.#..........#.....
..............####..
###########...# .. #.###
. #.# ..#


There were no monsters in sight!

Vanquished Creatures
  An orc wizard (D:4)
  Natasha (thrice) (D:2)
  A worker ant (D:4)
  6 adders
  4 gnolls (D:3)
  2 worms
  3 dart slugs
  2 leopard geckos
  6 orcs
  5 giant cockroaches
  8 goblins
  5 hobgoblins
  2 jackals
  3 bats
  2 frilled lizards (D:2)
  7 kobolds
  8 rats
68 creatures vanquished.

Vanquished Creatures (others)
  An orc wizard (D:4)
  A worker ant (D:4)
  A giant cockroach (D:4)
  A frilled lizard (D:4)
4 creatures vanquished.

Grand Total: 72 creatures vanquished

Notes
Turn   | Place    | Note
-------+----------+-------------------------------------------
     0 | D:1      | Monsterracer the Spriggan Assassin began the quest for the Orb.
     0 | D:1      | Reached XP level 1. HP: 10/10 MP: 2/2
   193 | D:1      | Reached skill level 6 in Stealth
   261 | D:1      | Reached XP level 2. HP: 15/15 MP: 3/3
   313 | D:1      | You fall through a shaft!
   340 | D:2      | Found a faded altar of an unknown god.
   348 | D:2      | Became a worshipper of Warmaster Okawaru
   348 | D:2      | Reached * piety under Okawaru
  1000 | D:1      | Reached XP level 3. HP: 16/18 MP: 4/4
  1549 | D:2      | Found a shattered altar of Ashenzari.
  1738 | D:2      | Noticed Natasha
  1747 | D:2      | Reached XP level 4. HP: 21/23 MP: 5/5
  1756 | D:2      | HP: 6/23 [Natasha (6)]
  1762 | D:2      | Killed Natasha
  1911 | D:2      | Noticed Natasha
  1915 | D:2      | HP: 11/23 [Natasha (6)]
  1918 | D:2      | Killed Natasha
  1918 | D:2      | Reached ** piety under Okawaru
  2096 | D:2      | Found a snail-covered altar of Cheibriados.
  2165 | D:2      | Noticed Natasha
  2168 | D:2      | Killed Natasha
  2168 | D:2      | Reached XP level 5. HP: 26/26 MP: 6/6
  2992 | D:4      | HP: 12/27 [orc wizard/puff of flame (5)]
  2997 | D:3      | HP: 5/27 [adder (1)]
  3001 | D:3      | Gained mutation: You are partially covered in slimy green scales. (AC +2) [potion of mutation]
  3001 | D:3      | Gained mutation: Your flesh is cold resistant. (rC+) [potion of mutation]
  3001 | D:3      | HP: 2/27 [poisoned by an adder]
  3003 | D:3      | Reached skill level 7 in Stealth
  3003 | D:3      | Reached XP level 6. HP: 3/32 MP: 7/7
  3007 | D:3      | HP: 3/48 [poisoned by an adder]
  3015 | D:3      | HP: 2/48 [poisoned by an adder]
  3416 | D:4      | Quit the game

Vault maps used:
D:1:      sevenhm_arrival_forest_fort_small_4
D:2:      nicolae_overflow_hidden_temple, ashenzari_altar_1,
          chequers_ecumenical_altar_lobes, uniq_natasha
D:3:      first_bread, kennysheep_generic_room_15
D:4:      marbit_many_paths, minmay_curled_crystal, xom_confusion_cloud

Skill      XL: |  1  2  3  4  5 |
---------------+----------------+-----
Stealth        | 6 7 |  7.0
Dodging        | 2 3 |  3.9
Short Blades   | 3 4 |  4.5
Fighting       | 2 |  2.5
Throwing       | |  2.8

Action                   |  1- 3 |  4- 6 || total
-------------------------+-------+-------++-------
Melee: Dagger            |    91 |   144 ||   235
 Fire: Blowgun           |       |     3 ||     3
Invok: Heroism           |       |     1 ||     1
  Use: Scroll            |       |     8 ||     8
       Potion            |       |     4 ||     4
 Stab: Sleeping          |    18 |     5 ||    23
       Distracted        |       |     2 ||     2
Armor: Robe              |     8 |    10 ||    18
       Skin              |       |     1 ||     1
Dodge: Dodged            |    39 |    93 ||   132

Table legend:
 A = Spawn XP
 B = Non-spawn XP
 C = Spawn XP percentage of total XP
 D = Spawn monster count
 E = Non-spawn monster count
 F = Spawn count percentage of total count
 G = Total turns spent on level
                    A         B        C        D         E        F      G
               +---------+---------+-------+---------+---------+-------+---------
         Total |       0 |     421 |   0.0 |       0 |      68 |   0.0 |  3416
               +---------+---------+-------+---------+---------+-------+---------
           D:1 |       0 |      41 |   0.0 |       0 |      24 |   0.0 |  1364
           D:2 |       0 |     194 |   0.0 |       0 |      24 |   0.0 |  1100
           D:3 |       0 |     112 |   0.0 |       0 |      16 |   0.0 |   793
           D:4 |       0 |      74 |   0.0 |       0 |       4 |   0.0 |   159
               +---------+---------+-------+---------+---------+-------+---------

Vault maps used:
D:1:      sevenhm_arrival_forest_fort_small_4
D:2:      nicolae_overflow_hidden_temple, ashenzari_altar_1,
          chequers_ecumenical_altar_lobes, uniq_natasha
D:3:      first_bread, kennysheep_generic_room_15
D:4:      marbit_many_paths, minmay_curled_crystal, xom_confusion_cloud
